[Event "13th Asrian Memorial 2022"]
[Site "Yerevan"]
[Date "2022.06.14"]
[Round "8.4"]
[White "Zarubitski, Viachaslau"]
[Black "Melkumyan, Hrant"]
[Result "1/2-1/2"]
[ECO "E73"]
[WhiteElo "2457"]
[BlackElo "2655"]
[Annotator "RC"]
[PlyCount "138"]
[EventDate "2022.06.07"]
[EventType "swiss"]
[EventCountry "ARM"]
[SourceTitle "playchess.com"]
[Source "ChessBase"]
[SourceQuality "1"]
[TimeControl "40/5400+30:1800+30"]

1. c4 Nf6 2. Nc3 g6 3. e4 d6 4. d4 Bg7 5. Be2 O-O 6. h4 Nc6 7. d5 Ne5 8. h5 c6 9. Nf3 Nxf3+ 10. Bxf3 cxd5 11. cxd5 b5 12. hxg6 fxg6 13. Bh6 Bxh6 14. Rxh6 Qb6 15. Qd2 b4 16. Nd1 Ba6 17. Ne3 Rac8 18. Rh1 Nd7 19. Nf5 Rxf5 20. exf5 Ne5 21. Be2 Bxe2 22. Qxe2 Rf8 23. Rh3 Rxf5 24. Rc1 h5 25. Re3 b3 26. Rxb3 Qa5+ 27. Kf1 Qxd5 28. Kg1 Kf7 29. Qd1 Qe4 30. Re3 Qf4 31. Qe2 Qg5 32. Rc7 Rf4 33. Rg3 Qf5 34. Qc2 Rd4 35. Qb3+ d5 36. Rc1 Rd2 37. Rf1 Qf4 38. Re3 Qd4 39. Qc3 Qxc3 40. bxc3 Ng4 41. Ree1 Nf6 42. f3 Rxa2 43. Ra1 Re2 44. Rfe1 Rxe1+ 45. Rxe1 Ne8 46. Ra1 Nd6 47. Ra5 e6 48. Rxa7+ Kf6 49. Ra5 g5 50. Kf2 g4 51. Ra8 gxf3 52. gxf3 h4 53. Rh8 Nb5 54. c4 dxc4 55. Rxh4 Nd6 56. Ke2 Ke5 57. Kd2 Kd5 58. Rg4 e5 59. Rg8 Nf5 60. Rd8+ Kc5 61. Rf8 Nd6 62. Ke3 Kd5 63. Rd8 Kc5 64. Rg8 Kd5 65. Rg5 Ke6 66. Kd2 Nf5 67. Kc3 Nd4 68. Kxc4 Nxf3 69. Rxe5+ Nxe5+ 1/2-1/2

[Event "13th Asrian Memorial 2022"]
[Site "Yerevan"]
[Date "2022.06.14"]
[Round "8.5"]
[White "Derbenev Andrey"]
[Black "Tabatabaei, M. Amin"]
[Result "0-1"]
[ECO "D43"]
[WhiteElo "2376"]
[BlackElo "2650"]
[Annotator "RC"]
[PlyCount "90"]
[EventDate "2022.06.07"]
[EventType "swiss"]
[EventCountry "ARM"]
[SourceTitle "playchess.com"]
[Source "ChessBase"]
[SourceQuality "1"]
[TimeControl "40/5400+30:1800+30"]

1. d4 Nf6 2. c4 e6 3. Nf3 d5 4. Nc3 c6 5. Bg5 h6 6. Bxf6 Qxf6 7. Qb3 a5 8. e3 a4 9. Qc2 a3 10. b3 Bb4 11. Bd3 Nd7 12. O-O O-O 13. cxd5 exd5 14. Na4 Re8 15. Rac1 g6 16. Rfd1 Kg7 17. e4 dxe4 18. Bxe4 Qf4 19. Bd3 Nf6 20. Ne5 Ng4 21. Nf3 Be6 22. Nb6 Rad8 23. Bc4 Bf5 24. Bd3 Be6 25. Bc4 Nf6 26. Bxe6 Rxe6 27. Nc4 Nd5 28. Nce5 Bc3 29. Nd3 Qf5 30. b4 Rde8 31. Qb3 Bb2 32. Rc5 Re2 33. b5 Bxd4 34. Rc4 c5 35. h3 Nf4 36. Nxd4 cxd4 37. Nxf4 Qxf4 38. Qg3 Qxg3 39. fxg3 Rxa2 40. Rcxd4 Ree2 41. Kh1 Rxg2 42. Ra1 Rh2+ 43. Kg1 Rxa1+ 44. Kxh2 a2 45. Ra4 f5 0-1

[Event "13th Asrian Memorial 2022"]
[Site "Yerevan"]
[Date "2022.06.14"]
[Round "8.6"]
[White "Yeritsyan, Hayk"]
[Black "Petrosyan, Manuel"]
[Result "0-1"]
[ECO "E39"]
[WhiteElo "2291"]
[BlackElo "2638"]
[Annotator "RC"]
[PlyCount "102"]
[EventDate "2022.06.07"]
[EventType "swiss"]
[EventCountry "ARM"]
[SourceTitle "playchess.com"]
[Source "ChessBase"]
[SourceQuality "1"]
[TimeControl "40/5400+30:1800+30"]

1. d4 Nf6 2. c4 e6 3. Nc3 Bb4 4. Qc2 O-O 5. Nf3 c5 6. dxc5 Na6 7. g3 Nxc5 8. Bg2 Nce4 9. O-O Bxc3 10. bxc3 d5 11. cxd5 exd5 12. c4 Qc7 13. Bf4 Qxc4 14. Rfc1 Qxc2 15. Rxc2 b6 16. Nd4 Ba6 17. f3 Nc5 18. Bd6 Rfe8 19. Bxc5 bxc5 20. Rxc5 Bxe2 21. Rb1 Bc4 22. Rc7 Bxa2 23. Rbb7 Reb8 24. Rxb8+ Rxb8 25. Rxa7 Bc4 26. Nc6 Re8 27. Ne7+ Kf8 28. Nf5 g6 29. Nd4 Re7 30. Ra8+ Kg7 31. Kf2 Rb7 32. g4 h5 33. g5 Nd7 34. f4 Rb2+ 35. Kg1 Rd2 36. Nf3 Rd1+ 37. Kf2 Nc5 38. Ne5 Nd3+ 39. Nxd3 Rd2+ 40. Kg3 Rxd3+ 41. Kf2 Rd2+ 42. Kf3 d4 43. Rd8 h4 44. h3 Bb5 45. Rd6 Rc2 46. Rxd4 Bc6+ 47. Kg4 Bxg2 48. Rd3 Bf1 49. Re3 Rf2 50. Re4 Re2 51. Rb4 Re3 0-1

[Event "13th Asrian Memorial 2022"]
[Site "Yerevan"]
[Date "2022.06.14"]
[Round "8.7"]
[White "Davtyan, Arsen"]
[Black "Gharibyan, Mamikon"]
[Result "1-0"]
[ECO "C54"]
[WhiteElo "2308"]
[BlackElo "2487"]
[Annotator "RC"]
[PlyCount "99"]
[EventDate "2022.06.07"]
[EventType "swiss"]
[EventCountry "ARM"]
[SourceTitle "playchess.com"]
[Source "ChessBase"]
[SourceQuality "1"]
[TimeControl "40/5400+30:1800+30"]

1. e4 e5 2. Nf3 Nc6 3. Bc4 Bc5 4. c3 Nf6 5. d3 d6 6. O-O h6 7. h3 a5 8. Re1 Ba7 9. Nbd2 g5 10. Nf1 g4 11. hxg4 Nxg4 12. d4 Rg8 13. Ne3 Nxe3 14. Bxe3 Bh3 15. g3 Qf6 16. dxe5 dxe5 17. Bxa7 Nxa7 18. Re3 Bg4 19. Kg2 Nc6 20. Bb5 Kf8 21. Bxc6 bxc6 22. Qa4 Kg7 23. Rd1 h5 24. Rdd3 Kh7 25. Kf1 Bh3+ 26. Ke1 Rgd8 27. Nh4 Bg4 28. Qc2 Rd6 29. Rxd6 cxd6 30. c4 Kg7 31. Kf1 Qe6 32. Rd3 Rf8 33. Kg1 f5 34. exf5 Bxf5 35. Rxd6 Bxc2 36. Rxe6 a4 37. Rxe5 Rb8 38. b3 axb3 39. axb3 Bxb3 40. Rc5 Rd8 41. Nf5+ Kg6 42. Ne3 Rd6 43. Kg2 Ba2 44. Kh3 Bb1 45. Kh4 Rd4+ 46. f4 Be4 47. Rxh5 Bf3 48. Re5 Be2 49. Re6+ Kf7 50. Rxc6 1-0

[Event "13th Asrian Memorial 2022"]
[Site "Yerevan"]
[Date "2022.06.15"]
[Round "9.1"]
[White "Davtyan, Artur"]
[Black "Sargsyan, Shant"]
[Result "1/2-1/2"]
[ECO "C42"]
[WhiteElo "2488"]
[BlackElo "2641"]
[Annotator "TA"]
[PlyCount "23"]
[EventDate "2022.06.07"]
[EventType "swiss"]
[EventCountry "ARM"]
[SourceTitle "playchess.com"]
[Source "ChessBase"]
[SourceQuality "1"]
[TimeControl "40/5400+30:1800+30"]

1. e4 e5 2. Nf3 Nf6 3. Nxe5 d6 4. Nc4 Nxe4 5. Qe2 Qe7 6. Ne3 {[%emt 0:00:05] [#] aiming for Nd5.} Nc6 {[%emt 0:00:12][%cal Bb8c6,Bc6d4,Bd4e2,Be2c1][%mdl 32] C42: Petroff Defence: 3 Nxe5 and unusual White 3rd moves.} 7. Nd5 Nd4 {[%emt 0:00:13] Threatens to win with ...Qe5.} 8. Nxe7 {[%emt 0:00:18] The position is equal.} Nxe2 9. Nxc8 Nxc1 10. Nc3 Nxc3 {[%emt 0:00:06] [#]} 11. bxc3 $146 ({Predecessor:} 11. dxc3 Rxc8 12. Rxc1 c6 13. Kd2 g6 14. Re1+ Kd7 15. g3 h5 16. Re2 Bg7 17. Bh3+ {½-½ (30) Bailet,P (2494)-Joie,S (2402) Vaujany 2019}) 11... Rxc8 12. Rxc1 {[%emt 0:00:02] A balanced but interesting game.  Weighted Error Value: White=0.07 (flawless) /Black=0.04 (flawless)} 1/2-1/2

[Event "13th Asrian Memorial 2022"]
[Site "Yerevan"]
[Date "2022.06.15"]
[Round "9.2"]
[White "Ter-Sahakyan, Samvel"]
[Black "Tabatabaei, M. Amin"]
[Result "0-1"]
[ECO "B11"]
[WhiteElo "2640"]
[BlackElo "2650"]
[Annotator "TA"]
[PlyCount "166"]
[EventDate "2022.06.07"]
[EventType "swiss"]
[EventCountry "ARM"]
[SourceTitle "playchess.com"]
[Source "ChessBase"]
[SourceQuality "1"]
[TimeControl "40/5400+30:1800+30"]

1. e4 c6 2. Nf3 d5 3. Nc3 Bg4 4. h3 Bxf3 5. Qxf3 e6 6. Be2 d4 7. Nb1 Bd6 8. c3 c5 9. Bb5+ Nd7 10. Qe2 Ne7 11. O-O O-O 12. cxd4 cxd4 13. d3 a6 14. Ba4 Rc8 15. Nd2 e5 16. a3 Nc5 17. Bc2 Qd7 18. Qd1 b5 19. Nf3 Rc6 20. Bd2 Rfc8 21. Rc1 Ng6 22. Bb1 h6 23. Kh2 Qe6 24. g3 Be7 25. Kg2 Nf8 26. Bc2 Ncd7 27. Bb1 Rxc1 28. Bxc1 a5 29. Re1 b4 30. axb4 axb4 31. Nd2 Nc5 32. Nc4 b3 33. Qg4 (33. Bd2 $11 {keeps the balance.}) 33... Qxg4 $17 34. hxg4 Nfd7 35. Bd2 Ra8 36. Kf1 Ra1 37. Ke2 Ne6 38. f4 g5 39. f5 ({Don't play} 39. Nxe5 Nxe5 40. fxe5 Bf8 $17) ({White should try} 39. fxe5 $11 Bf8 40. Na5) 39... Nec5 $1 $15 40. Bb4 Ra4 41. Ba3 Kf8 42. Nd2 (42. Rc1 $11) 42... Ra6 $15 43. Rc1 $1 Ke8 44. Rc4 Rb6 45. Rc1 (45. Rb4 $1 $11 {is more appropriate.}) 45... Rb8 $15 46. Nc4 Bf8 47. Bxc5 (47. Rh1 $15) 47... Bxc5 $17 48. Nd2 Rb5 $1 49. Kf3 Kd8 50. Nc4 Bf8 51. Ke2 Nf6 52. Kf3 Kd7 53. Rh1 ({White should play} 53. Nd2) 53... Kc7 $17 54. Rc1 Kb7 55. Rh1 (55. Rf1 $17) 55... Ka6 ({Better is} 55... Nd7 $1 $19 56. Rc1 f6) 56. Rd1 (56. Nd2 $17 {was called for.}) 56... Nd7 $1 $19 57. Ke2 Rb8 (57... f6 $19 58. Nd2 Nc5) 58. Nd2 $17 Nc5 59. Nc4 {[#]} (59. Rc1 $17 {keeps fighting.}) 59... Nd7 $2 (59... f6 $1 $19 {White must now prevent ...Na4.} 60. Kf3 Kb7) 60. Rc1 $2 {[%emt 0:00:16] [#]} (60. Nd2 $1 $11) 60... Rc8 $1 $19 61. Kf3 Rc6 62. Rh1 Kb5 63. Ke2 Kb4 64. Rf1 Bg7 65. Rd1 Nc5 66. Rf1 Na4 ({Much weaker is} 66... Nxe4 $6 67. dxe4 Kxc4 68. Bd3+ Kb4 69. Ra1 $11) 67. Rh1 f6 68. Kd2 (68. Kf3 $17) 68... Bf8 $19 69. Rc1 (69. Kc1 $17) 69... Rc5 $19 70. Rh1 $2 (70. Kd1) 70... Rxc4 $19 71. dxc4 Nxb2 72. c5 (72. Bd3 {only move.} Na4 73. Rg1) 72... Nc4+ $19 73. Kd3 (73. Ke2 $142 Kxc5 74. Rc1) 73... Bxc5 $19 74. Rxh6 (74. Ke2 $19 Bf8 75. Kd3) 74... Na3 75. Rh1 Bb6 (75... Kb5 $142 76. Kd2 Bb4+ 77. Kd3 Ba5 78. Rg1 Bc3 79. Rf1 Kb4 80. Rh1 Nxb1 81. Rxb1 Ka3 82. Rh1 b2 83. Kc2 Ka2 84. Rg1 Ba5 85. Rf1 d3+ 86. Kxd3 b1=Q+ 87. Rxb1 Kxb1 88. Kc4 Kc2 89. Kb5 Bc3 90. Kc5 Kd3 91. Kd5 Ba5 92. Ke6 Kxe4 93. Kxf6 Kd5 94. Kxg5 e4 95. Kh5 e3 96. g5 e2 97. Kg6 e1=Q 98. f6 Qxg3 99. f7 Bb4 100. f8=B Bxf8 101. Kf6 Qe5+ 102. Kg6 Qe8+ 103. Kh7 Qf7+ 104. Kh8 Qg7#) 76. Rc1 Bc5 (76... Ba5 $142 77. Rh1 Nb5 78. Rh8 Nc3 79. Rb8+ Ka4 80. Bc2 bxc2 81. Kxc2 Nxe4 82. Kd3 Nf2+ 83. Kc4 Nxg4 84. Kd3 Nf2+ 85. Kc4 Ne4 86. Rf8 g4 87. Rg8 Nf2 88. Rb8 d3 89. Rb1 Ka3 90. Rb3+ Ka2 91. Rb5 Be1 92. Kd5 d2 93. Ra5+ Kb2 94. Rb5+ Kc3 95. Rc5+ Kb4 96. Rc6 d1=Q+ 97. Ke6 Ne4 98. Ke7 Qd5 99. Rb6+ Kc3 100. Rb1 Bxg3 101. Rc1+ Kb2 102. Rc8 Nd6 103. Rb8+ Kc3 104. Rf8 Nxf5+ 105. Kxf6 Bh4+ 106. Kxf5 Qf3+ 107. Kxe5 Qxf8 108. Kd5 Qf6 109. Kc5 Bf2+ 110. Kb5 Qb6+ 111. Ka4 Qb4#) 77. Rh1 $19 Ka4 (77... Kb5 $142 78. Kd2 Bb4+ 79. Kd3 Bc3) 78. Ke2 Nxb1 79. Rxb1 Bb4 80. Kd3 Bc3 81. Rd1 Kb4 82. Rh1 b2 83. Kc2 Kc4 0-1

[Event "13th Asrian Memorial 2022"]
[Site "Yerevan"]
[Date "2022.06.15"]
[Round "9.3"]
[White "Babujian Levon"]
[Black "Davtyan, Arsen"]
[Result "1/2-1/2"]
[ECO "D35"]
[WhiteElo "2430"]
[BlackElo "2308"]
[Annotator "TA"]
[PlyCount "185"]
[EventDate "2022.06.07"]
[EventType "swiss"]
[EventCountry "ARM"]
[SourceTitle "playchess.com"]
[Source "ChessBase"]
[SourceQuality "1"]
[TimeControl "40/5400+30:1800+30"]

1. d4 Nf6 2. c4 e6 3. Nc3 d5 4. cxd5 Nxd5 5. e4 Nxc3 6. bxc3 c5 7. Rb1 Be7 {[%emt 0:00:06] The main line 7...Be7 scores better than 7...cxd4. D35: Queen's Gambit Declined: Exchange Variation.} 8. Nf3 O-O 9. Bd3 cxd4 10. cxd4 Nc6 11. Be3 b6 12. O-O Nb4 13. Be2 Bb7 {[%emt 0:00:48] [#]} 14. a3 $146 (14. Qd2 $5 ) ({Predecessor:} 14. Qd2 Nc6 15. Rfd1 Na5 16. d5 exd5 17. exd5 Bd6 18. Nd4 Rc8 19. Nc6 Bxc6 20. dxc6 {1-0 (33) Cardoso Cardoso,J (2401)-Keymer,V (2591) Tornelo INT 2020}) 14... Nc6 15. Qd3 Rc8 16. Rfd1 Qd6 17. d5 $1 Na5 (17... exd5 $11 18. exd5 Ne5 19. Nxe5 Qxe5) 18. Bd2 $16 Nc4 19. Bb4 Qd7 20. Bxe7 Qxe7 21. d6 Qd7 {[%emt 0:14:13] [#]} 22. Rb4 $1 b5 23. a4 f5 24. exf5 (24. Rxb5 $6 fxe4 25. Qd4 exf3 $11) 24... Rxf5 25. Rxb5 (25. axb5 $16 Bd5 26. h3) 25... Bxf3 $11 {[%emt 0:07:08] The position is equal.} 26. Bxf3 ({Don't go for} 26. gxf3 $2 Rxb5 27. axb5 Nb2 $19) 26... Rxb5 {[%mdl 64] [#] Remove Defender} 27. axb5 Nb2 $1 28. Bc6 Qf7 $132 {[%emt 0:00:03][%mdl 2048] Black is fighting back} ({But not} 28... Qd8 29. Qe2 Nxd1 30. d7 $16 (30. Qxd1 Qf6 $11)) 29. d7 Rd8 30. Qd4 Nxd1 31. Qxd1 {[%emt 0:00:04][%mdl 4096] Endgame Qd4 is the strong threat. KQR-KQB} Qf5 32. g3 {[%emt 0:02:31] Hoping for Qd4.} Qc5 {[%emt 0:02:43] Prevents Qd4.} 33. Qg4 Qd6 34. Qe4 (34. Qh5 {is interesting.} g6 35. Qg5 Rxd7 36. Bxd7 Qxd7 37. Qc5) 34... Rxd7 35. Bxd7 Qxd7 {[%emt 0:00:04] KQ-KQ} 36. Qc6 Qe7 37. h4 g6 38. Kf1 Kg7 39. Ke2 Kf7 40. Ke3 Qa3+ 41. Ke4 Qb4+ 42. Kf3 Qa3+ 43. Kg2 Qe7 44. Qf3+ Kg7 45. Qc3+ Kg8 46. Qe5 Qb7+ 47. Kh3 Qb6 48. Qf6 a6 49. bxa6 Qxa6 50. h5 gxh5 51. Qg5+ Kf7 {[%emt 0:00:37] aiming for ...Qf1+.} 52. Qxh5+ Kg7 53. Qe5+ Kf7 54. Kg4 Qd3 55. Kh4 Qc2 56. Qf4+ Kg6 57. g4 Qb1 58. Qf3 Qe1 59. Qd3+ Kg7 60. Qd7+ Kg6 61. Qd3+ Kg7 62. Kg3 Qe5+ 63. f4 Qc7 64. Qd4+ Kf7 65. Kh4 Qb7 66. Kg5 Qe7+ 67. Kh5 {[%emt 0:00:05] And now Qh8 would win.} Qb7 68. Qa1 {[%emt 0:04:22] Prevents Qh1+.} Qe4 69. Qa7+ Kg8 70. Qb8+ Kf7 71. Qc7+ Kg8 72. Qd8+ Kf7 73. Qd7+ Kf8 74. Qc8+ Kf7 {[%emt 0:00:28] ( -> ...Qh1+)} 75. Qc7+ Kg8 76. Qe5 {[%emt 0:00:10] Active counter play!} Qg6+ $1 77. Kh4 Kf7 78. Qc7+ Kf8 79. Qd8+ Kf7 80. Qc7+ Kf8 81. Qc5+ Kf7 82. Qa7+ Kf8 83. Qd4 Kf7 84. Kg3 Ke7 85. Kf3 Qh6 86. Qc5+ Kf7 87. Qc7+ Kf8 88. Qd8+ Kf7 89. Qd7+ Kf8 90. Qd1 Kf7 91. Ke3 Qh3+ 92. Kd4 Qg3 93. Ke4 {[%emt 0:00:49] Weighted Error Value: White=0.06 (flawless) /Black=0.06 (flawless)} 1/2-1/2

[Event "13th Asrian Memorial 2022"]
[Site "Yerevan"]
[Date "2022.06.15"]
[Round "9.4"]
[White "Petrosyan, Manuel"]
[Black "Andriasian, Zaven"]
[Result "1/2-1/2"]
[ECO "A11"]
[WhiteElo "2638"]
[BlackElo "2584"]
[Annotator "TA"]
[PlyCount "76"]
[EventDate "2022.06.07"]
[EventType "swiss"]
[EventCountry "ARM"]
[SourceTitle "playchess.com"]
[Source "ChessBase"]
[SourceQuality "1"]
[TimeControl "40/5400+30:1800+30"]

1. Nf3 Nf6 2. g3 d5 3. Bg2 Bg4 4. O-O Nbd7 5. h3 Bh5 6. c4 e6 7. cxd5 exd5 8. Nc3 c6 9. d3 Bc5 10. Qb3 {[%emt 0:02:44] A11: English Opening: 1...c6.} Bb6 11. Na4 O-O 12. g4 {[%emt 0:03:27] White has an edge.} Bg6 13. Nh4 Re8 14. Nxb6 axb6 15. Qc2 Nc5 16. f4 {[%emt 0:10:55][%cal Bf2f4,Bf4f5][%mdl 32] [#]} h6 $146 ({Predecessor:} 16... Nfd7 17. g5 Bh5 18. Rf2 f6 19. Nf5 fxg5 20. fxg5 Ne6 21. Qc3 Bg6 22. h4 Rf8 {1-0 (37) Handler,L (2386)-Schreiner,T (2328) Austria 2017}) 17. Nf3 d4 18. f5 Bh7 19. Bf4 (19. Rf2 $11) 19... h5 (19... Nd5 $5 20. Bc1 (20. Nxd4 Qf6 $17) 20... Qe7 $11) 20. Nh2 hxg4 21. hxg4 Nd5 22. Bxd5 Qxd5 23. Nf3 g6 24. Qd2 (24. b4 $11 Nd7 25. Kf2) 24... gxf5 $15 25. Be5 Rxe5 $17 26. Qg5+ Kf8 $1 27. Qh6+ {[%emt 0:01:55] [#]} Ke7 $1 28. Qxh7 {[%emt 0:04:14] [#]} ({But not} 28. Nxe5 $2 Qxe5 29. Rf2 (29. Qxh7 $2 Rh8 $19) 29... Rh8 $19) 28... Rxe2 (28... Re3 $1 $19 29. Nh4 Rg3+ 30. Kh2 Rxg4 31. Rxf5 Qd6+ 32. Kh1 Rag8 33. Rxf7+ Ke8) 29. Rae1 $36 {[%emt 0:01:27][%mdl 2048] White has good play.} Re3 30. Nh4 {[%emt 0:00:08] Dancing on a razor blade.} Rxe1 $1 31. Rxe1+ Kd7 32. Nxf5 {[%emt 0:02:03] Threatening mate with Re7+.} Re8 {[%emt 0:02:10] Inhibits Re7+.} 33. Rxe8 Kxe8 {[%emt 0:00:08] KQN-KQN} 34. b4 $2 (34. Qh4 $2 Qe5 35. Qh7 f6 $17) (34. Qg8+ $11 {and White is okay.} Kd7 35. Qb8) 34... Ne6 $2 ({Black should play} 34... Nxd3 $19 35. Ng7+ Kf8 36. Qh8+ Ke7 37. Nf5+ Kd7) 35. Qg8+ {[%emt 0:10:41] The position is equal.} Nf8 36. Ng7+ Ke7 {[%emt 0:00:01] ...Ng6 is the strong threat.} 37. Nf5+ Ke8 38. Ng7+ Ke7 {[%emt 0:00:10] Weighted Error Value: White=0.31/Black=0.25 (precise)} 1/2-1/2

[Event "13th Asrian Memorial 2022"]
[Site "Yerevan"]
[Date "2022.06.15"]
[Round "9.5"]
[White "Melkumyan, Hrant"]
[Black "Mahdavi, Reza"]
[Result "1/2-1/2"]
[ECO "E73"]
[WhiteElo "2655"]
[BlackElo "2303"]
[Annotator "TA"]
[PlyCount "70"]
[EventDate "2022.06.07"]
[EventType "swiss"]
[EventCountry "ARM"]
[SourceTitle "playchess.com"]
[Source "ChessBase"]
[SourceQuality "1"]
[TimeControl "40/5400+30:1800+30"]

1. d4 Nf6 2. c4 g6 3. Nc3 Bg7 4. e4 d6 5. Be2 O-O 6. h4 c5 7. d5 e6 8. h5 exd5 {[%emt 0:00:05] E73: King's Indian: Averbakh Variation without 6...c5.} 9. exd5 Re8 10. h6 Bh8 11. Bg5 Qb6 12. b3 Bf5 {[%emt 0:01:13] [#]} 13. Nf3 $146 (13. Rc1 $11) ({Predecessor:} 13. Kf1 Na6 14. Rc1 Ne4 15. Nxe4 Rxe4 16. Rh4 Rxh4 17. Bxh4 Qa5 18. a4 Re8 19. Bd3 {½-½ (30) Kantor,G (2527)-Ganguly,S (2625) Biel 2021}) 13... Ne4 14. Nxe4 Bxe4 ({Don't take} 14... Rxe4 {[#]} 15. O-O $1 $14) 15. O-O Bxf3 16. Bxf3 Nd7 17. Bg4 f5 18. Bh3 Bf6 19. Bxf6 Nxf6 20. Qc1 Re5 21. Qb2 {[%emt 0:05:18] [#] f4 is the strong threat.} Kf7 $1 22. a3 a5 (22... Rae8 $15) 23. Rab1 Rae8 24. Qc3 R8e7 25. Rfe1 Rxe1+ 26. Rxe1 {[%emt 0:00:07] The position is equal.} Rxe1+ 27. Qxe1 $11 {[%emt 0:00:19][%mdl 4096] Endgame Threatening mate with Qe6+. KQB-KQN} Qd8 28. Qc3 b6 29. g4 $1 Qf8 30. gxf5 Qxh6 {[%emt 0:00:31] Hoping for ...gxf5.} 31. Qg3 Ne4 32. Qf3 Qg5+ 33. Kh2 gxf5 34. Bxf5 Nf6 35. Kh3 Qh6+ {[%emt 0:01:27] Weighted Error Value: White=0.08 (flawless) /Black=0.08 (flawless)} 1/2-1/2

[Event "13th Asrian Memorial 2022"]
[Site "Yerevan"]
[Date "2022.06.15"]
[Round "9.6"]
[White "Petrosian, Tigran L."]
[Black "Zarubitski, Viachaslau"]
[Result "1-0"]
[ECO "D00"]
[WhiteElo "2553"]
[BlackElo "2457"]
[Annotator "TA"]
[PlyCount "113"]
[EventDate "2022.06.07"]
[EventType "swiss"]
[EventCountry "ARM"]
[SourceTitle "playchess.com"]
[Source "ChessBase"]
[SourceQuality "1"]
[TimeControl "40/5400+30:1800+30"]

1. d4 Nf6 2. Nc3 d5 3. Bf4 e6 4. Nb5 Na6 5. e3 Bb4+ 6. c3 {[%emt 0:04:36] D00: 1 d4 d5: Unusual lines.} Be7 7. Nf3 $5 {[%emt 0:02:43][%mdl 4] Exploring less charted territory.} O-O (7... c6 $5 8. Na3 Nh5 $11) 8. Bd3 {[%emt 0:01:22] [#] The position is equal.} c6 $146 ({Predecessor:} 8... c5 9. Ne5 Bd7 10. a4 Be8 11. h4 c4 12. Bc2 Qb6 13. g4 Bxb5 14. axb5 Qxb5 {1-0 (21) Kovalev,V (2540)-Romanov,E (2586) Liepaja 2015}) 9. Na3 Bxa3 10. bxa3 Qa5 11. Qc1 c5 12. O-O Bd7 13. Qb2 Rfc8 14. Rfc1 Rc6 $2 (14... c4 $11 {and Black has nothing to worry.} 15. Be2 Nc7) 15. Qxb7 $18 Rac8 16. Ne5 {[%emt 0:00:14] 0x0.001762822973dp-1022s more active pieces. The black rooks are badly placed.} Rb6 17. Qxa7 Rc7 {[%emt 0:00:28] [#]} 18. Nc4 $1 Rxa7 $14 19. Nxa5 c4 20. Rab1 Rxb1 21. Bxb1 Ne8 {[%emt 0:01:18] [#] Against Bd6} 22. Nb3 $1 cxb3 23. axb3 Kf8 24. a4 {[%emt 0:03:17][%mdl 1024] White has compensation.} Ke7 25. Bd3 ({Reject} 25. Bxh7 f5 $11) 25... Nd6 26. f3 Nb8 27. e4 {[%emt 0:08:29][%cal Be3e4,Be4e5][%mdl 32] White now steadily converts the win.} Rb7 28. e5 Ne8 29. Rb1 ({Inferior is} 29. Bxh7 Rxb3 30. Bg5+ f6 31. exf6+ Nxf6 $17) 29... h6 30. Bc1 f5 (30... f6 $16) 31. Ba3+ $18 Kf7 32. Bc5 {[%emt 0:00:35] Against Ra7} Nc7 33. Kf2 Bc6 34. Ke3 Nd7 35. Bd6 Ne8 36. Bb4 Ra7 37. g4 g6 38. Rg1 Bb7 39. gxf5 gxf5 40. Bb5 Ba6 41. Bc5 Nxc5 42. dxc5 {[%emt 0:02:01][%cal Bd4c5,Bc5c6][%mdl 32] And now Bxe8+ would win.} Nc7 {[%emt 0:16:54] [#]} 43. c4 {[%emt 0:04:02] aiming for Kd4.} dxc4 44. bxc4 Bc8 $2 (44... Ra8 45. Rd1 f4+ 46. Kxf4 Rf8) 45. c6 Na8 46. Kd4 Nb6 47. Ra1 Na8 48. Kc5 Re7 (48... Ke8 $142 49. Rg1 Kf8) 49. Rd1 Re8 {[%emt 0:02:51] [#]} 50. Rd7+ $1 Bxd7 51. cxd7 Rg8 52. Kd6 f4 53. a5 h5 54. h4 {[%emt 0:00:08] White mates.} Rg1 55. Bc6 Rd1+ {[%emt 0:00:23] [#]} 56. Bd5 $1 {[%emt 0:00:05][%mdl 576] Promotion} exd5 57. c5 {[%emt 0:00:10] Weighted Error Value: White=0.07 (flawless) /Black=0.37} 1-0

[Event "13th Asrian Memorial 2022"]
[Site "Yerevan"]
[Date "2022.06.15"]
[Round "9.7"]
[White "Dilanyan, Grigor"]
[Black "Hayrapetyan, Hovik"]
[Result "1-0"]
[ECO "E06"]
[WhiteElo "2293"]
[BlackElo "2484"]
[Annotator "ChessBase"]
[PlyCount "85"]
[EventDate "2022.06.07"]
[EventType "swiss"]
[EventCountry "ARM"]
[SourceTitle "playchess.com"]
[Source "ChessBase"]
[SourceQuality "1"]
[TimeControl "40/5400+30:1800+30"]

1. d4 Nf6 2. c4 e6 3. Nf3 d5 4. g3 Be7 5. Bg2 O-O 6. Qc2 dxc4 7. Qxc4 a6 8. Qc2 c5 9. dxc5 Qa5+ 10. Nbd2 Nc6 11. O-O Qxc5 12. Qxc5 Bxc5 13. Nc4 Nd5 14. Bd2 Bd7 15. Rfc1 Rfc8 16. a3 a5 17. Rab1 f6 18. e4 Nb6 19. e5 Nxc4 20. Rxc4 Bb6 21. exf6 gxf6 22. Rg4+ Kf7 23. Rh4 Rh8 24. Bc3 e5 25. Nd2 Be6 26. Ne4 Ke7 27. Rh6 Raf8 28. b4 Bc8 29. bxa5 Bxa5 30. Bxa5 Nxa5 31. Nc5 Kf7 32. Rh4 Kg6 33. Ra4 Bf5 34. Rb6 Ra8 35. g4 Bc2 36. Rab4 Rhd8 37. h4 Rd1+ 38. Kh2 Rd4 39. g5 Kh5 40. Rxd4 exd4 41. Rxf6 Kxh4 42. Ne6 Bb3 43. Rf4+ 1-0